 Dungeon Crawl Stone Soup version 0.18-a0-884-gb6cfd45 (webtiles) character file.

36 Jmtri7 the Skirmisher (level 3, -2/37 HPs)
             Began as an Ogre Skald on Dec 23, 2015.
             Was an Initiate of Makhleb.
             Slain by Grinder (6 damage)
             ... on level 3 of the Dungeon.
             The game lasted 00:09:33 (1368 turns).

Jmtri7 the Skirmisher (Ogre Skald)                  Turns: 1368, Time: 00:09:33

Health: -2/37      AC:  3    Str: 17    XL:     3   Next: 37%
Magic:  1/6        EV: 10    Int: 11    God:    Makhleb [......]
Gold:   45         SH:  0    Dex: 10    Spells: 3 memorised, 2 levels left

rFire  . . .     SeeInvis .     a - +0 mace
rCold  . . .     Gourm    .     l - +0 robe
rNeg   . . .     Faith    .     (no shield)
rPois  .         Spirit   .     (helmet restricted)
rElec  .         Dismiss  .     (no cloak)
rCorr  .         Reflect  .     (gloves unavailable)
SustAt .         Harm     .     (boots unavailable)
MR     .....                    (no amulet)
Stlth  ++........               (no ring)
                                k - ring of stealth

@: infused, very slightly contaminated, not resistant to hostile enchantments,
unstealthy
A: unfitting armour, tough skin 1
a: Renounce Religion


You were on level 3 of the Dungeon.
You worshipped Makhleb.
Makhleb was noncommittal.
You were not hungry.

You visited 1 branch of the dungeon, and saw 3 of its levels.

You collected 45 gold pieces.

Inventory:

Hand Weapons
 a - a +0 mace (weapon)
Armour
 e - a cursed +0 leather armour
 l - a +0 robe (worn)
Jewellery
 k - a ring of stealth (left hand)
Scrolls
 g - 2 scrolls of random uselessness {unknown}
 j - 2 scrolls of identify {unknown}
 m - a scroll of noise {unknown}
 n - a scroll of remove curse {unknown}
Potions
 d - a potion of berserk rage {unknown}
 f - 2 potions of curing {unknown}
 h - a potion of might {unknown}
 i - a potion of degeneration {unknown}
Books
 c - a book of Battle

   Spells                             Type                      Level
   a - Infusion                       Charms                       1
   b - Shroud of Golubria             Charms/Translocation         2
   c - Song of Slaying                Charms                       2
   d - Spectral Weapon                Hexes/Charms                 3
   e - Regeneration                   Charms/Necromancy            3
Comestibles
 b - a meat ration


   Skills:
 * Level 3.3 Fighting
 + Level 2.9 Maces & Flails
 * Level 2.1 Dodging
 + Level 2.5 Spellcasting
 + Level 2.4 Charms


You had 2 spell levels left.
You knew the following spells:

 Your Spells              Type           Power        Failure   Level  Hunger
a - Infusion              Chrm           #.....       12%         1    ##.....
b - Song of Slaying       Chrm           #.......     17%         2    ###....
c - Shroud of Golubria    Chrm/Tloc      #.........   30%         2    ###....


Dungeon Overview and Level Annotations

Branches:
Dungeon (3/15)

Altars:
Makhleb
Okawaru

Annotations:
D:3 Grinder


Innate Abilities, Weirdness & Mutations

You are too large for most types of armour.
You have tough skin (AC +1).


Message History

Casting: Shroud of Golubria
Confirm with . or Enter, or press ? or * to list all spells.
You begin infusing your attacks with magical energy.
Grinder hits you.
You writhe in agony.
You hit Grinder.
Grinder is lightly wounded.
Grinder hits you.
You hit Grinder.
Grinder is moderately wounded.
Grinder gestures at you.
You barely resist. You barely miss Grinder.
Grinder is moderately wounded.
Grinder hits you!
You writhe in agony.
You barely miss Grinder.
Grinder is lightly wounded.
Grinder hits you!
* * * LOW HITPOINT WARNING * * *
You writhe in agony.
You die...

#.##(#.###
#.##(†...# ##
#.##.....##...
###.##.......#
#...##.....##$#
#####......# #
##...#...######
##...###........
#.....5@....###.
#..#.).).#..#
#.##.._..##.# #.
#.).).# .#
?....... #
....###... .....
...# .###. .##


You could see Grinder.

Vanquished Creatures
  A worm (D:3)
  An orc (D:3)
  5 hobgoblins
  3 jackals (D:2)
  4 kobolds
  3 bats (D:1)
  A giant cockroach (D:2)
  A giant gecko (D:1)
  3 giant newts (D:2)
  5 goblins
  4 rats
31 creatures vanquished.

Notes
Turn   | Place    | Note
--------------------------------------------------------------
     0 | D:1      | Jmtri7 the Ogre Skald began the quest for the Orb.
     0 | D:1      | Reached XP level 1. HP: 22/22 MP: 3/3
   126 | D:1      | Reached XP level 2. HP: 26/29 MP: 5/5
   130 | D:1      | Learned a level 2 spell: Song of Slaying
   495 | D:2      | Found a burning altar of Makhleb.
   528 | D:2      | Became a worshipper of Makhleb the Destroyer
   553 | D:2      | Reached skill level 3 in Fighting
   837 | D:2      | Reached XP level 3. HP: 13/37 MP: 1/6
  1119 | D:3      | Learned a level 2 spell: Shroud of Golubria
  1357 | D:3      | Noticed Grinder
  1360 | D:3      | Found an iron altar of Okawaru.
  1368 | D:3      | Slain by Grinder

Vault maps used:
D:1:      onia_arrival_pentagram
D:2:      bloody_makhleb
D:3:      okawaru_ov_weapons_minmay, overflow_temple_1_default,
          uniq_crazy_yiuf_cottage, uniq_grinder

Action                   || total
-------------------------++-------
Melee: Mace              ||   106
       Whip              ||     9
 Cast: Infusion          ||     9
       Song of Slaying   ||     2
       Shroud of Golubri ||     1
 Stab: Sleeping          ||     1
  Eat: Bread ration      ||     1
